 Dungeon Crawl Stone Soup version 0.23.2-11-gf996548c65 (webtiles) character file.

Game seed: 521992542334882188

103 AdmiralAndromeda the Gusty (level 4, -2/36 HPs)
             Began as a Tengu Air Elementalist on June 6, 2019.
             Killed from afar by an orc wizard (3 damage)
             ... with a puff of flame
             ... on level 3 of the Dungeon.
             The game lasted 00:08:39 (2339 turns).

AdmiralAndromeda the Gusty (Tengu Air Elementalist) Turns: 2339, Time: 00:08:40

Health: -2/36      AC: 22    Str:  9    XL:     4   Next: 79%
Magic:  1/9        EV:  2    Int: 16    God:
Gold:   72         SH:  0    Dex: 14    Spells: 3/8 levels left

rFire    . . .     SeeInvis .   g - +0 short sword
rCold    . . .     Gourm    .   (no shield)
rNeg     + + +     Faith    .   (armour currently unavailable)
rPois    +         Spirit   .   (helmet currently unavailable)
rElec    .         Reflect  .   (cloak currently unavailable)
rCorr    .         Harm     .   (gloves currently unavailable)
MR       .....     NoTele   +   (boots unavailable)
Stlth    +.........             (no amulet)
HPRegen  0.12/turn              (no ring)
MPRegen  0.11/turn              (no ring)

@: confused, tree-form
A: no striking features
a: no special abilities


You were on level 3 of the Dungeon.
You were not hungry.
You were a tree.
You visited 1 branch of the dungeon, and saw 3 of its levels.

You collected 72 gold pieces.

Inventory:

Hand Weapons
 g - a +0 short sword (weapon)
Armour
 a - a +0 robe (melded)
Scrolls
 b - 3 scrolls of identify {unknown}
 d - 2 scrolls of remove curse {unknown}
 e - 2 scrolls of teleportation {unknown}
 f - a scroll of magic mapping {unknown}
 h - a scroll of enchant weapon {unknown}
 l - a scroll of blinking {unknown}
 m - a scroll of enchant armour {unknown}
Potions
 i - a potion of lignification
 k - a potion of might {unknown}
 n - a potion of brilliance {unknown}
Comestibles
 c - 6 rations


   Skills:
 - Level 2.1 Dodging
 - Level 2.0 Stealth
 + Level 2.6 Spellcasting
 * Level 3.3 Conjurations
 * Level 5.7 Air Magic


You had 3 spell levels left.
You knew the following spells:

 Your Spells              Type           Power        Failure   Level  Hunger
q - Shock                 Conj/Air       ###.         3%          1    #......
w - Airstrike             Air            ###.......   19%         4    #####..

Your spell library contained the following spells:

 Spells                   Type           Power        Failure   Level  Hunger
 Swiftness                Chrm/Air       ##......     9%          2    ##.....
 Static Discharge         Conj/Air       ###.....     9%          3    ###....
 Lightning Bolt           Conj/Air       ###.......   63%         5    ######.


Dungeon Overview and Level Annotations

Branches:
Dungeon (3/15)

Altars:
Trog

Annotations:
D:2 Sigmund


Innate Abilities, Weirdness & Mutations

((You have a beak for a mouth.))
((You have claws for feet.))


Message History

Confirm with . or Enter, or press ? or * to list all spells.
Aiming: Shock (safe; 3% risk of failure)
Press: ? - help, Shift-Dir - straight line, f/p - orc
Aim: an orc, wielding a +0 trident (moderately wounded)
The zap hits the orc.
The orc is heavily wounded.
You hit something. Something hits you but does no damage.
The orc barely misses you.
You hear some strange, mumbled words.
You are confused.
You swing at nothing.
The orc hits you from afar with a +0 trident.
* * * LOW HITPOINT WARNING * * *
Something hits you but does no damage.
You miss something. The orc hits you but does no damage.
You barely miss something.
You hear some strange, mumbled words.
A puff of flame appears from out of thin air!
The puff of flame hits you.
You die...

#.# #..#....##..... #.#
##.#)..%......o . #.#
#.##...##.#### #.# #(###.###.#
#.# #.# #...#.# #.# #.# ###.#.#
#.# #.# #.#.# ######### #.#####
#.#####.#.###[÷......
#.#...#####.#.♣)o).†....#######
#.#......†....{##.####### #
#.#...####......### #
#>)..............# #
###...####......## # ##.##
##....## # #.######.#.##
########### #...†........
#.....÷....
#..###.....<.......#########


You could see an orc.

Vanquished Creatures
  An orc wizard (D:3)
  3 adders
  2 worms (D:3)
  2 leopard geckos
  3 orcs
  A giant cockroach (D:3)
  4 goblins
  5 hobgoblins
  4 jackals (D:3)
  3 kobolds
  2 quokkas (D:2)
  A ball python (D:3)
  4 bats (D:3)
  2 frilled lizards
  4 rats
41 creatures vanquished.

Notes
Turn   | Place    | Note
-------+----------+-------------------------------------------
     0 | D:1      | AdmiralAndromeda the Tengu Air Elementalist began the quest
                  | for the Orb.
     0 | D:1      | Reached XP level 1. HP: 10/10 MP: 4/4
   975 | D:2      | Reached XP level 2. HP: 15/15 MP: 1/6
  1103 | D:2      | Reached skill level 5 in Air Magic
  1172 | D:2      | Reached XP level 3. HP: 18/19 MP: 0/7
  1347 | D:2      | Found a bloodstained altar of Trog.
  1498 | D:2      | Noticed Sigmund
  1512 | D:2      | You fall through a shaft!
  1925 | D:3      | Reached XP level 4. HP: 7/24 MP: 0/8
  1936 | D:3      | Learned a level 4 spell: Airstrike
  2337 | D:3      | HP: 1/36 [orc/+0 trident (5)]
  2339 | D:3      | Killed from afar by an orc wizard

Skill      XL: |  1  2  3  4 |
---------------+-------------+-----
Air Magic      | 5 |  5.7
Conjurations   | 2 3 |  3.3
Dodging        | |  2.1
Stealth        | |  2.0
Spellcasting   | |  2.6

Action                   |  1- 3 |  4- 6 || total
-------------------------+-------+-------++-------
Melee: Unarmed           |    11 |       ||    11
       Kick              |     6 |     1 ||     7
       Peck              |     2 |       ||     2
       Short sword       |     8 |    17 ||    25
 Cast: Shock             |    63 |    19 ||    82
       Airstrike         |       |     1 ||     1
  Use: Potion            |       |     1 ||     1
 Stab: Sleeping          |     2 |     2 ||     4
  Eat: Chunk             |     4 |     2 ||     6
Armor: Robe              |     3 |     6 ||     9
       Skin              |       |    13 ||    13
Dodge: Dodged            |    19 |    13 ||    32
